 Dungeon Crawl Stone Soup version 0.32-a0-120-gfac0567ad4 (console) character file.

Game seed: 11759412258691627696

2 petzl the Sneak (level 1, -5/17 (18) HPs)
             Began as a Formicid Delver on Feb 6, 2024.
             Was an Initiate of Vehumet.
             Slain by an iguana (8 damage)
             ... on level 5 of the Dungeon on Feb 7, 2024.
             The game lasted 00:01:37 (183 turns).

petzl the Sneak (Formicid Delver)                    Turns: 183, Time: 00:01:38

HP:   -5/17 (18)    AC:  3    Str: 16    XL:     1   Next: 44%
MP:   1/1           EV: 12    Int:  9    God:    Vehumet [......]
Gold: 0             SH:  0    Dex: 15    Spells: 0/0 levels left

rFire   . . .        a - +0 mace
rCold   . . .        (no shield)
rNeg    . . .        b - +0 leather armour
rPois   .            (helmet unavailable)
rElec   .            (no cloak)
rCorr   .            (no gloves)
SInv    +            (no boots)
Will    .....        (no amulet)
Stlth   +++          (no ring)
HPRegen 0.22/turn    (no ring)
MPRegen 0.07/turn

%: no passive effects
@: drained
A: permanent stasis, dig shafts and tunnels, antennae 3, four strong arms
a: Dig, Shaft Self, Renounce Religion


You were on level 5 of the Dungeon.
You worshipped Vehumet.
Vehumet was noncommittal.
You visited 2 branches of the dungeon, and saw 4 of its levels.

Inventory:

Hand Weapons
 a - a +0 mace (weapon)
Missiles
 k - 3 poisoned darts
Armour
 b - a +0 leather armour (worn)
Wands
 f - a wand of digging (3)
Scrolls
 c - a scroll of fog
 d - a scroll of revelation
 e - a scroll of fear
 h - a scroll of teleportation {unknown}
 i - a scroll of amnesia {unknown}
 j - a scroll of immolation {unknown}
Potions
 g - a potion of curing {unknown}


   Skills:
 - Level 3.3 Fighting
 - Level 2.0 Maces & Flails
 - Level 1.8 Dodging
 - Level 6.0 Stealth
 + Level 0.4 Spellcasting


You couldn't memorise any spells.
You didn't know any spells.
Your spell library was empty.

Dungeon Overview and Level Annotations

Branches:
Dungeon (6/15)             Temple (1/1) D:4

Altars:
Ashenzari
Cheibriados
Gozag
Ru
Sif Muna
Trog
Uskayaw
Vehumet
Xom
Yredelemnul
Zin
The Shining One

Annotations:
D:4 Sigmund


Innate Abilities, Weirdness & Mutations

You cannot be hasted, slowed, berserked, paralysed or teleported.
You can dig through walls and to a lower floor.
You have a pair of large antennae on your head. (SInv)
Your four strong arms can wield two-handed weapons with a shield.


Message History

You enter the shallow water.
Moving in this stuff is going to be slow.
The hobgoblin shouts!
The hobgoblin hits you but does no damage.
You hit the hobgoblin.
The hobgoblin is severely wounded.
The hobgoblin barely misses you.
You completely miss the hobgoblin.
The hobgoblin is severely wounded.
The hobgoblin barely misses you. x2
You barely miss the hobgoblin.
The hobgoblin is severely wounded.
The hobgoblin hits you.
You hit the hobgoblin.
You kill the hobgoblin!
Vehumet accepts your kill.
You see here a hobgoblin corpse.
You start resting.
HP restored.
You see here a +0 spear {!f =f}.
There is a stone staircase leading down here.
You climb downwards.
The orc shouts!
Found 3 poisoned darts, a scratched onyx ring, an emerald potion and a shiny ring mail.
There is a stone staircase leading up here.
An iguana comes into view.
The iguana hisses angrily.
You see here 3 poisoned darts.
k - 3 poisoned darts The iguana bites you.
The iguana barely misses you. The iguana attacks as it pursues you!
The iguana barely misses you.
You see here a ring of ice.
Are you sure you want to shaft yourself?
The iguana bites you!
Ouch! That really hurt!
* * * LOW HITPOINT WARNING * * *
You begin to dig a shaft.
You continue digging a shaft.
The iguana bites you!
You die...

{{{{{{{#. {{{{{{{#.
{{{{{{{#< ########.
#.).....o # #...##... ...
#.#.##... .....###........
.......>........ ######
.... .#....##........
#....# {....{{
................ #<...#
#.o.{ ### ...>..###.......
#......# #.!# ... # ..###
#...#### #....### ##..#
###.###.. . ..### #....# #
.o.# ##...#.. ..##
#....###..##.###..#...# .
?.#
######......<.......###..#
#########..........#
#.o.l@..# #.....#......
#.....# ##### #.....#
#.....# #######


You could see an iguana and 2 orcs.

Vanquished Creatures
  An endoplasm (D:4)
  A hobgoblin (D:4)
2 creatures vanquished.

Notes
Turn   | Place    | Note
-------+----------+-------------------------------------------
     0 | D:5      | petzl the Formicid Delver began the quest for the Orb.
     0 | D:5      | Reached XP level 1. HP: 18/18 MP: 1/1
    26 | D:5      | Noticed an orc wizard
    37 | D:4      | Noticed Sigmund
    44 | D:4      | You fall into a shaft and drop 1 floor!
    91 | D:4      | Found a staircase to the Ecumenical Temple.
   100 | Temple   | Entered the Ecumenical Temple
   118 | Temple   | Became a worshipper of Vehumet
   175 | D:5      | Noticed an iguana
   183 | D:5      | Slain by an iguana

Illustrated notes

Levels and vault maps discovered:
D:4:      layout_layer_cave, minmay_temple_entry_mist, st_stairs_8,
          lightli_corner_chamber, uniq_ijyb, uniq_sigmund, uniq_duvessa
D:5:      layout_rooms, dk_rats_in_the_wall
D:6:      layout_cave_pods, portal_sewer_entry_e
Temple:   hellmonk_temple_forest_ring

Action                     || total
---------------------------++-------
  Melee: Mace              ||     8
Ability: Shaft Self        ||     2
         Dig               ||     1
   Stab: Sleeping          ||     1
 Armour: Leather armour    ||    10
  Dodge: Dodged            ||    14

Table legend: (Time is in decaauts)
 A = Elapsed time spent in this place.
 B = Non-inter-level travel time spent in this place.
 C = Inter-level travel time spent in this place.
 D = Time resting spent in this place.
 E = Time spent auto-exploring this place.
 F = Levels seen in this place.
 G = Mean time per level.
                   A        B        C        D        E       F      G
               +--------+--------+--------+--------+--------+-----+--------+
         Total |    187 |    151 |     36 |     59 |      0 |   4 |   46.8 |
       Dungeon |    151 |    150 |      1 |     59 |      0 |   3 |   50.3 |
        Temple |     36 |      1 |     35 |      0 |      0 |   1 |   36.0 |
               +--------+--------+--------+--------+--------+-----+--------+

Top non-repeatable levels by time:
     D:5: 75 daAuts
     D:4: 59 daAuts
  Temple: 36 daAuts
     D:6: 15 daAuts
